 Dungeon Crawl Stone Soup version 0.30.0-29-ga12c61a403 (webtiles) character file.

Game seed: 5600144929885706714

31 Peloso the Shield-Bearer (level 3, 33/33 HPs)
             Began as a Minotaur Fighter on June 25, 2023.
             Got out of the dungeon alive.
             The game lasted 00:01:57 (978 turns).

Peloso the Shield-Bearer (Minotaur Fighter)          Turns: 978, Time: 00:01:58

Health: 33/33      AC:  9    Str: 23    XL:     3   Next: 7%
Magic:  2/2        EV:  8    Int:  3    God:
Gold:   41         SH:  5    Dex: 14    Spells: 2/2 levels left

rFire   . . .        a - +0 long sword
rCold   + . .        d - +0 buckler
rNeg    . . .        c - +0 chain mail
rPois   .            (helmet restricted)
rElec   .            (no cloak)
rCorr   .            (no gloves)
SInv    .            (no boots)
Will    .....        (no amulet) Stlth
                     f - ring of protection from cold
HPRegen 0.25/turn    (no ring)
MPRegen 0.08/turn

%: no passive effects
@: no status effects
A: horns 2, retaliatory headbutt, agile 1, strong 1
a: no special abilities


You escaped.
You visited 1 branch of the dungeon, and saw 1 of its levels.

You collected 41 gold pieces.

Inventory:

Hand Weapons
 a - a +0 long sword (weapon)
Armour
 b - a +0 scale mail
 c - a +0 chain mail (worn)
 d - a +0 buckler (worn)
Jewellery
 f - a ring of protection from cold (left hand)
Scrolls
 e - a scroll of identify {unknown}
 g - a scroll of teleportation {unknown}
Potions
 h - a potion of berserk rage {unknown}
 k - a potion of might


   Skills:
 + Level 3.8 Fighting
 + Level 2.8 Long Blades
 + Level 4.2 Armour
 + Level 4.3 Shields


You had 2 spell levels left.
You didn't know any spells.
Your spell library contained the following spells:

 Spells                   Type           Power      Damage    Failure   Level
 Apportation              Tloc           0%         N/A       99%         1
 Alistair's Intoxication  Tmut/Pois      0%         N/A       100%        5


Dungeon Overview and Level Annotations

Branches:
Dungeon (1/15)

Altars:


Innate Abilities, Weirdness & Mutations

You have a pair of horns on your head.
You reflexively headbutt those who attack you in melee.
You are agile. (Dex +4, Str/Int -1)
Your muscles are strong. (Str +4, Int/Dex -1)


Message History

You slash the hobgoblin!
You kill the hobgoblin!
You see here a hobgoblin corpse.
You open the door.
There is an open door here.
You open the door.
There is an open door here.
You open the door.
There is an open door here.
You see here a +0 robe.
Key pressed, stopping explore.
Done exploring.
Done exploring.
Done exploring.
Done exploring.
Okay, then.
It was a potion of attraction.
You feel attractive to monsters.
It was a potion of curing.
You feel better.
It was a potion of mutation.
You feel extremely strange.
You feel stronger.
You feel agile.
(D) Dungeon
Where to? (? - help)
What level of the Dungeon? (default 1, ? - help)
There is an open door here.
You feel less attractive to monsters.
There is a staircase leading out of the dungeon here.
Are you sure you want to leave the Dungeon?
This will make you lose the game!
Uppercase [Y]es or [N]o only, please.
Are you sure you want to leave the Dungeon?
This will make you lose the game!
Uppercase [Y]es or [N]o only, please.
Are you sure you want to leave the Dungeon?
This will make you lose the game!
Uppercase [Y]es or [N]o only, please.
Are you sure you want to leave the Dungeon?
This will make you lose the game!
Alright, then stay!
Unknown command.
There is a staircase leading out of the dungeon here.
You can't go down here!
Are you sure you want to leave the Dungeon?
This will make you lose the game!
You have escaped!

##.# #...........###.#.######..
.#.# ####...................'..
.#.# ##..#.....#.###.######.(
.#.# ##...##...##...#.# #..
.#.#### #....###.###.....# #..
.#....# #.#### #.# ####..# #..
##....# #..## ##.## ##...# ##+
......###...###...###....# #.
##.##...........@........# ####
#######.....###...###....# #)..
....# #....## ##.## ##...# #...
....# ###.#### #.# ####..# #...
###.#####....###.###.....#####...
###..........##...##...#.....#...
.##..........#.....#.############
.##.#.######.........#...........
.##.#.# ########.##.##########


There were no monsters in sight!

Vanquished Creatures
  2 dart slugs (D:1)
  2 ball pythons (D:1)
  4 bats (D:1)
  An endoplasm (D:1)
  4 goblins (D:1)
  2 hobgoblins (D:1)
  2 kobolds (D:1)
  2 quokkas (D:1)
  2 frilled lizards (D:1)
  2 rats (D:1)
23 creatures vanquished.

Notes
Turn   | Place    | Note
-------+----------+-------------------------------------------
     0 | D:1      | Peloso the Minotaur Fighter began the quest for the Orb.
     0 | D:1      | Reached XP level 1. HP: 19/19 MP: 0/0
   106 | D:1      | Reached XP level 2. HP: 27/27 MP: 1/1
   655 | D:1      | Reached XP level 3. HP: 33/33 MP: 2/2
   937 | D:1      | Gained mutation: Your muscles are strong. (Str +4, Int/Dex
                  | -1) [potion of mutation]
   937 | D:1      | Gained mutation: You are agile. (Dex +4, Str/Int -1)
                  | [potion of mutation]
   978 | D:$      | Got out of the dungeon alive.

Illustrated notes

Levels and vault maps discovered:
D:1:      roderic_crossed_star, layout_basic, serial_bayou_pond_e,
          serial_park_tiny_1, roderic_nine_men_s_morris

Skill      XL: |  1  2 |
---------------+-------+-----
Shields        | 4 |  4.3
Armour         | 4 |  4.2
Fighting       | |  3.8
Long Blades    | |  2.8

Action                     || total
---------------------------++-------
  Melee: Long sword        ||    51
         Headbutt          ||     6
    Use: Potion            ||     3
 Armour: Scale mail        ||    12
         Chain mail        ||    16
  Dodge: Dodged            ||    28
  Block: Buckler           ||     7
